Unix NetHack Version 5.0.0-0 post-release - last build May 23 2026 06:08:33 (1c0ff79ee797540d5714e4e18072db0edd9e58ae,branch:main).

Game began 2026-05-23 23:58:32, ended 2026-05-24 00:17:13.

ArrBianca, neutral female human Healer

                  ---------
 ------------     |.......|
 |)=.[!%(+.)|     |...(...|
 |/..??..)).|     |.......|          ###############0
 |?%......?[|     |.......|          #------        #
 |...[......|  ###........|          ).*...|         #############
 ---|--------  #  ----.----          #|..%..##           --------.-------
    #          #      #####          #|....| ##          |..............|
   ##        ###          #         *#|....|  ########   |...........<..|
   #         #            ##       ###------         ####...{...........|
   #         #             #      ## #                   ----------------
  -|----  o###  ############00########
  |.....#@e######    ------.--- #
  |.>..|  d          |.....*..|#*
  |.....###          |.......F.*
  ------             |........|
                     |........|
                     ----------

ArrBianca the Empiric        St:10 Dx:13 Co:13 In:9 Wi:15 Ch:17  Neutral
Dlvl:3  $:1802 HP:0(31) Pw:34(36) AC:7  Xp:4 T:2638  Satiated Burdened

Latest messages:
 You kill the newt!
 What do you want to zap? [f or ?*] f
 In what direction? l
 The sleep ray hits the floating eye.
 The sleep ray hits it.
 The sleep ray hits it.
 What do you want to use or apply? [cf-iouL or ?*] c
 In what direction? l
 Status of the floating eye (neutral, small):  Level 2  HP 9(9)  AC 9, can't move.
 You hit the floating eye.
 You are frozen by the floating eye's gaze!
 The giant rat bites!
 The giant rat bites!
 The giant rat bites!
 It misses the giant rat.
 The giant rat bites!
 It misses the giant rat.
 The giant rat bites!
 It bites the giant rat.
 The giant rat bites!
 It bites the giant rat.
 The giant rat is killed!
 It bites the large kobold.
 The large kobold hits it.
 It bites the large kobold.
 The large kobold is killed!
 Your little dog eats a giant rat corpse.
 The little dog misses the floating eye.
 It misses the floating eye.
 The little dog bites the floating eye.
 The little dog misses the floating eye.
 The little dog is frozen by the floating eye's gaze!
 You hear someone cursing shoplifters.
 You can move again.
 You miss the floating eye.
 You are frozen by the floating eye's gaze!
 The crude dagger hits the floating eye.
 You hear the chime of a cash register.
 The hobgoblin hits!
 The hobgoblin hits!
 The hobgoblin hits!
 The hobgoblin hits!
 The hobgoblin hits!
 The hobgoblin hits!
 The hobgoblin hits!
 The hobgoblin hits!
 The hobgoblin hits!
 The hobgoblin hits!
 You die...
 Do you want your possessions identified? [ynq] (y) q

Inventory:
 Coins    ('$')
  $ - 1802 gold pieces
 Weapons  (')')
  a - a +0 scalpel (weapon in right hand)
 Armor    ('[')
  b - an uncursed +2 pair of leather gloves (being worn)
 Comestibles  ('%')
  j - 6 uncursed apples
  F - an uncursed cram ration
  n - 3 uncursed food rations
  w - 2 uncursed tripe rations
  E - an uncursed tin of deep fried gecko meat
 Scrolls  ('?')
  t - an uncursed scroll of blank paper
  G - an uncursed scroll of identify
 Spellbooks  ('+')
  h - a blessed spellbook of extra healing
  g - a blessed spellbook of healing
  i - a blessed spellbook of stone to flesh
 Potions  ('!')
  e - 4 uncursed potions of extra healing
  d - 7 uncursed potions of healing
  p - an uncursed potion of object detection
  o - an uncursed potion of oil
  z - an uncursed potion of water
 Rings    ('=')
  B - an uncursed ring of poison resistance (on right hand)
 Wands    ('/')
  f - a wand of sleep (0:6)
 Tools    ('(')
  L - an uncursed brass lantern
  c - an uncursed stethoscope
  u - an uncursed tin whistle

ArrBianca the Healer's attributes:

Background:
 You were an Empiric, a level 4 female human Healer.
 You were neutral, on a mission for Hermes
 who was opposed by Athena (lawful) and Poseidon (chaotic).
 You were right-handed.
 You were in the Dungeons of Doom, on level 3.
 You entered the dungeon 2638 turns ago.
 It was the midnight hour.
 You had 90 experience points, 70 more were needed to attain level 5.

Basics:
 You had 0 out of 31 hit points.
 You had 34 out of 36 energy points (spell power).
 Your armor class was 7.
 Your wallet contained 1802 zorkmids.
 Autopickup was on for '$?!/="+%' plus thrown, with exceptions.

Final Characteristics:
 Your strength was 10 (limit:18/100).
 Your dexterity was 13 (peak:14, limit:18).
 Your constitution was 13 (limit:18).
 Your intelligence was 9 (limit:18).
 Your wisdom was 15 (limit:18).
 Your charisma was 17 (limit:18).

Final Status:
 You were satiated.
 You were burdened; movement was slightly slowed.
 You were wielding a knife.
 You had basic skill with knife.

Final Attributes:
 You were piously aligned.
 You were poison resistant.
 You are dead.

Miscellaneous:
 You didn't encounter any bones levels.
 Total elapsed playing time was 18 minutes and 41 seconds.

Major events:
 Turn
    1: ArrBianca the neutral female human Healer entered the dungeon
 1467: attained the rank of Empiric (level 3)
 2638: killed by a hobgoblin, while frozen by a floating eye's gaze

Spells:
 Name                 Level Category     Fail Retention
 healing                1   healing        0%   81%-90%
 extra healing          3   healing        0%   81%-90%
 stone to flesh         3   healing       11%   81%-90%

Skills:
 Fighting Skills
   bare handed combat [Unskilled]
 Weapon Skills
   dagger             [Unskilled]
   knife              [Basic]
   short sword        [Unskilled]
   saber              [Unskilled]
   club               [Unskilled]
   mace               [Unskilled]
   quarterstaff       [Unskilled]
   polearms           [Unskilled]
   spear              [Unskilled]
   trident            [Unskilled]
   sling              [Unskilled]
   dart               [Unskilled]
   shuriken           [Unskilled]
   unicorn horn       [Unskilled]
 Spellcasting Skills
   healing spells     [Basic]

Voluntary challenges:
 Character rerolling was not enabled.
 You never genocided any monsters.
 You never polymorphed an object.
 You never changed form.
 You used no wishes.
Achievements:
 You entered a shop.
 You attained the rank of Empiric.

 The Dungeons of Doom: levels 1 to 4
    Level 1:
       An altar, a fountain.
    Level 2:
    Level 3: <- You were here.
       A general store, a fountain.
       Final resting place for
          you, killed by a hobgoblin, while frozen by a floating eye's gaze.
    Level 4:


Vanquished creatures:
  a homunculus
 an orc zombie
  2 gas spores
  3 hobbits
  a large kobold
  a giant rat
  2 cave spiders
  a brown mold
  4 geckos
  7 jackals
  a kobold
  3 goblins
  4 sewer rats
  6 grid bugs
  a lichen
  a kobold zombie
  4 newts
43 creatures vanquished.

No species were genocided or became extinct.

Game over:
                       ----------
                      /          \
                     /    REST    \
                    /      IN      \
                   /     PEACE      \
                  /                  \
                  |    ArrBianca     |
                  |     1802 Au      |
                  |   killed by a    |
                  |    hobgoblin     |
                  |                  |
                  |                  |
                  |       2026       |
                 *|     *  *  *      | *
        _________)/\\_//(\/(/\)/\//\/|_)_______

Goodbye ArrBianca the Healer...

You died in The Dungeons of Doom on dungeon level 3 with 530 points,
and 1802 pieces of gold, after 2638 moves.
You were level 4 with a maximum of 31 hit points when you died.

